 Dungeon Crawl Stone Soup version 0.16-a0-3483-g6616b5b (webtiles) character file.

16534 Miyamura the Destroyer (level 12, -8/92 HPs)
             Began as a Demonspawn Venom Mage on Jan 3, 2015.
             Was the Champion of Makhleb.
             Mangled by a yak (14 damage)
             ... in an ice cave.
             The game lasted 01:41:33 (23080 turns).

Miyamura the Destroyer (Demonspawn Venom Mage)     Turns: 23080, Time: 01:41:34

Health: -8/92      AC: 11    Str: 13    XL:     12   Next: 10%
Magic:  0/28       EV: 11    Int: 18    God:    Makhleb [******]
Gold:   1182       SH:  0    Dex: 13    Spells: 5 memorised, 15 levels left

rFire  . . .     SeeInvis .     s - +2 spear (flame)
rCold  + . .     Clarity  .     J - +2 ring mail of the Harp {Slay+3}
rNeg   . . .     SustAb   .     (no shield)
rPois  +         Gourm    .     (helmet restricted)
rElec  .         Spirit   +     (no cloak)
rCorr  +         Warding  .     (no gloves)
rMut   .         Stasis   .     j - +0 pair of boots {Fly}
MR     .....                    h - amulet of resist corrosion
Stlth  +++.......               y - ring of poison resistance
                                B - ring of protection from cold

@: flying, very slightly contaminated, starving, hasted, very quick, not
resistant to hostile enchantments, fairly stealthy
A: hooves 2, horns 1, molten scales 2, nightstalker 2, sense surroundings 1,
magic shield
a: Minor Destruction, Lesser Servant of Makhleb, Major Destruction, Greater
Servant of Makhleb, Renounce Religion, Stop Flying


You were in an ice cave.
You worshipped Makhleb.
Makhleb was exalted by your worship.
You were starving.

You visited 4 branches of the dungeon, and saw 17 of its levels.
You also visited: Ossuary and Ice Cave.

You collected 1275 gold pieces.
You spent 93 gold pieces at shops.

Inventory:

Hand weapons
 e - a +2 dagger of chaos
 i - a +0 trident of venom
 s - a +2 spear of flaming (weapon)
Armour
 a - a +3 chain mail
 j - a +0 pair of boots of flying (worn)
 o - a +0 robe of magic resistance
 q - a +0 scale mail
 v - a +2 shield
 E - a +2 leather armour of positive energy
 J - the +2 ring mail of the Harp (worn) {Slay+3}
   (You found it on level 9 of the Dungeon)

   It affects your accuracy and damage with ranged weapons and melee attacks
   (+3).
 P - a +2 helmet
Magical staves
 C - an uncursed staff of power
Jewellery
 h - an amulet of resist corrosion (around neck)
 w - an uncursed ring of stealth
 y - a ring of poison resistance (right hand)
 B - a ring of protection from cold (left hand)
Magical devices
 f - a wand of draining (8)
 u - a wand of frost (19)
Scrolls
 g - a scroll of fog
 k - 2 scrolls of recharging
 n - 4 scrolls of amnesia
 z - a scroll of blinking
 A - 2 scrolls of remove curse
 D - 2 scrolls of magic mapping
Potions
 d - 2 potions of curing
 l - 8 potions of restore abilities
 m - a potion of cancellation
 x - a potion of flight
 F - 2 potions of magic
 L - 2 potions of brilliance
 Q - a potion of cure mutation
Books
 b - a Young Poisoner's Handbook

   Spells                             Type                      Level
   a - Sting                          Conjuration/Poison           1
   b - Cure Poison                    Poison                       2
   c - Mephitic Cloud                 Conjuration/Poison/Air       3
   d - Olgreb's Toxic Radiance        Poison                       4
   e - Venom Bolt                     Conjuration/Poison           5
 r - a book of Fire

   Spells                             Type                      Level
   a - Ignite Poison                  Fire/Transmutation           5
   b - Fireball                       Conjuration/Fire             5
   c - Bolt of Fire                   Conjuration/Fire             6
   d - Delayed Fireball               Conjuration/Fire             7
   e - Ring of Flames                 Charms/Fire                  7
 M - a book of Beasts

   Spells                             Type                      Level
   a - Summon Butterflies             Summoning                    1
   b - Call Canine Familiar           Summoning                    3
   c - Summon Ice Beast               Ice/Summoning                4
   d - Summon Mana Viper              Hexes/Summoning              5
   e - Monstrous Menagerie            Summoning                    6
   f - Summon Hydra                   Summoning                    7
 N - a book of Death

   Spells                             Type                      Level
   a - Corpse Rot                     Necromancy                   2
   b - Sublimation of Blood           Necromancy                   2
   c - Agony                          Necromancy                   5
   d - Dispel Undead                  Necromancy                   5
   e - Excruciating Wounds            Charms/Necromancy            5
   f - Bolt of Draining               Conjuration/Necromancy       5
Comestibles
 c - 7 bread rations
 p - 2 royal jellies
 t - a meat ration
 H - 2 beef jerkies
 I - 7 slices of pizza


   Skills:
 + Level 8.1 Fighting
 - Level 6.5 Polearms
 - Level 3.0 Armour
 - Level 4.8 Dodging
 - Level 1.7 Stealth
 - Level 1.8 Shields
 + Level 8.0 Spellcasting
 * Level 9.9 Conjurations
 + Level 9.4 Poison Magic


You had 15 spell levels left.
You knew the following spells:

 Your Spells              Type           Power        Failure   Level  Hunger
a - Sting                 Conj/Pois      ####         1%          1    None
b - Cure Poison           Pois           #####.....   1%          2    None
c - Mephitic Cloud        Conj/Pois/Air  ####....     3%          3    #......
d - Venom Bolt            Conj/Pois      #####.....   10%         5    #####..
e - Summon Butterflies    Summ           #.......     14%         1    None


Dungeon Overview and Level Annotations

Branches:
Dungeon (12/15)            Temple (1/1) D:6            Lair (2/8) D:11
    Orc (2/4) D:11

Altars:
Ashenzari
Cheibriados
Dithmenos
Elyvilon
Fedhas
Gozag
Kikubaaqudgha
Makhleb
Nemelex Xobeh
Okawaru
Qazlal
Ru
Sif Muna
Trog
Vehumet
Xom
Yredelemnul
Zin
The Shining One

Shops:
D:9 *

Annotations:
D:11 Nergalle, Sonja


Innate Abilities, Weirdness & Mutations

You have hoof-like feet.
You are mostly covered in molten scales (AC +3, EV -1).
You are significantly more attuned to the shadows.
When hurt, damage is shared between your health and your magic reserves.
You have a pair of small horns on your head.
You passively map a small area around you.


Message History

You hit the polar bear. You burn the polar bear.
You headbutt the polar bear, but do no damage.
The polar bear is heavily wounded.
The polar bear completely misses you. The polar bear claws you.
* * * LOW HITPOINT WARNING * * *
The polar bear claws you.
* * * LOW HITPOINT WARNING * * *
The yak gores you.
* * * LOW HITPOINT WARNING * * *
You hit the polar bear but do no damage.
The polar bear is heavily wounded.
Okay, then.
The polar bear bites you!
* * * LOW HITPOINT WARNING * * *
The polar bear claws you.
* * * LOW HITPOINT WARNING * * *
The polar bear claws you.
* * * LOW HITPOINT WARNING * * *
The yak gores you!
You die...

* ...
#...#
...## *
#...# ≈ *
##...##
##.....##
#...∩...#
≈≈
#..Y....#
##.h@..##
##...##
##### ≈ *


You could see a polar bear and a yak.

Vanquished Creatures
  A centaur warrior (D:11)
  An ugly thing (D:12)
  2 manticores
  A cyclops (D:11)
  Joseph (D:7)
  A centaur zombie (D:12)
  Psyche (D:8)
  2 komodo dragons (D:11)
  A two-headed ogre (D:10)
  3 trolls
  A polar bear (IceCv)
  A wyvern (D:12)
  2 hippogriffs (D:12)
  3 yaks (D:11)
  Eustachio (Orc:1)
  A wraith (D:12)
  A deep elf mage (D:10)
  4 hungry ghosts
  A human (D:8)
  A wolf (IceCv)
  Edmund (D:5)
  A mottled dragon (D:12)
  2 water moccasins
  11 orc warriors
  A warg (Orc:1)
  A porcupine (Lair:2)
  10 ice beasts
  A black bear (D:10)
  12 ogres
  4 sky beasts
  2 necrophages (D:11)
  6 centaurs
  Duvessa (D:8)
  12 giant frogs
  A big kobold (D:11)
  2 crocodiles (D:12)
  A gnoll sergeant (D:8)
  A scorpion (D:4)
  5 killer bees (D:8)
  2 goliath beetles (D:7)
  Dowan (D:8)
  5 crimson imps
  A gnoll shaman (D:5)
  A wasp zombie (D:7)
  3 giant frog zombies
  7 hounds
  15 orc priests
  4 jellies
  4 centaur skeletons
  11 worker ants
  4 giant frog skeletons
  4 iguanas
  13 orc wizards
  2 big kobold zombies (Ossuary)
  5 sheep
  Ijyb (D:3)
  A hound zombie (D:5)
  Terence (D:2)
  3 mummies
  12 gnolls
  2 gnoll skeletons (D:11)
  A worker ant zombie (D:6)
  19 adders
  4 shadow imps
  2 giant mites
  4 worms
  An ufetubus (Orc:1)
  An adder skeleton (D:7)
  3 adder zombies
  4 giant geckos
  115 orcs
  2 spectral bats (Ossuary)
  3 ball pythons
  A bat skeleton (D:5)
  A bat zombie (D:7)
  5 giant cockroaches
  11 goblins
  19 hobgoblins
  16 jackals
  23 kobolds
  8 quokkas
  9 bats
  5 bat simulacra (Ossuary)
  A giant gecko zombie (D:5)
  17 giant newts
  A giant spore (D:12)
  10 gnoll zombies (Ossuary)
  2 goblin simulacra (Ossuary)
  5 goblin zombies (Ossuary)
  5 hobgoblin zombies (Ossuary)
  A jackal skeleton (D:7)
  5 kobold simulacra (Ossuary)
  4 kobold zombies (Ossuary)
  4 orc zombies (Ossuary)
  A quokka skeleton (D:5)
  9 rats
  4 rat simulacra (Ossuary)
  4 spectral goblins (Ossuary)
  2 spectral kobolds (Ossuary)
  2 spectral rats (Ossuary)
  3 ballistomycetes (D:12)
544 creatures vanquished.

Vanquished Creatures (collateral kills)
  A gnoll sergeant (D:11)
  2 gnolls (D:11)
3 creatures vanquished.

Grand Total: 547 creatures vanquished

Notes
Turn   | Place    | Note
--------------------------------------------------------------
     0 | D:1      | Miyamura, the Demonspawn Venom Mage, began the quest for the Orb.
     0 | D:1      | Reached XP level 1. HP: 13/13 MP: 3/3
   713 | D:1      | Gained mutation: You are slightly more attuned to the shadows. [demonic ancestry]
   713 | D:1      | Reached XP level 2. HP: 11/20 MP: 5/5
  1065 | D:1      | Reached skill level 1 in Fighting
  1235 | D:1      | Learned a level 2 spell: Cure Poison
  1443 | D:1      | Reached skill level 1 in Armour
  1570 | D:2      | Gained mutation: You have large cloven feet. [demonic ancestry]
  1570 | D:2      | Reached XP level 3. HP: 12/26 MP: 0/6
  1742 | D:2      | Learned a level 3 spell: Mephitic Cloud
  2232 | D:2      | Found a bloodstained altar of Trog.
  2623 | D:2      | Noticed a giant frog
  2706 | D:3      | Noticed Terence
  2732 | D:2      | Killed Terence
  2732 | D:2      | Gained mutation: When hurt, damage is shared between your health and your magic reserves. [demonic ancestry]
  2732 | D:2      | Reached XP level 4. HP: 26/33 MP: 0/8
  3687 | D:3      | Noticed Ijyb
  3695 | D:3      | Killed Ijyb
  4189 | D:2      | Gained mutation: You are partially covered in molten scales (AC +1). [demonic ancestry]
  4189 | D:2      | Reached XP level 5. HP: 29/38 MP: 6/11
  5104 | D:4      | Reached XP level 6. HP: 46/46 MP: 7/13
  6294 | D:4      | Reached skill level 5 in Poison Magic
  6294 | D:4      | Reached XP level 7. HP: 34/52 MP: 10/15
  6837 | D:3      | Found a glowing silver altar of Zin.
  6837 | D:3      | Found an opulent altar of Gozag.
  6929 | D:3      | Reached skill level 1 in Polearms
  7213 | D:5      | Entered Level 5 of the Dungeon
  7470 | D:5      | Reached skill level 1 in Shields
  8032 | D:5      | Gained mutation: You have hoof-like feet. [demonic ancestry]
  8032 | D:5      | Reached XP level 8. HP: 58/58 MP: 12/18
  8180 | D:5      | Found a stormy altar of Qazlal.
  8181 | D:5      | Noticed a fire elemental
  8182 | D:5      | Noticed an air elemental
  8183 | D:5      | Noticed a water elemental
  8265 | D:5      | Identified a scroll of acquirement
  8859 | D:6      | Found a sand-covered staircase.
  8864 | Ossuary  | Entered an ossuary
  9783 | D:6      | Found a basalt altar of Yredelemnul.
  9914 | D:6      | Found a staircase to the Ecumenical Temple.
  9923 | Temple   | Entered the Ecumenical Temple
 10524 | D:6      | Noticed Edmund
 10598 | D:5      | Killed Edmund
 11464 | D:6      | Found a burning altar of Makhleb.
 11465 | D:6      | Found a shimmering altar of Xom.
 11466 | D:6      | Paralysed by a crimson imp for 5 turns
 11477 | D:6      | Became a worshipper of Makhleb the Destroyer
 11632 | D:7      | Reached skill level 5 in Polearms
 11847 | D:7      | Noticed a troll
 11868 | D:7      | Gained mutation: You are significantly more attuned to the shadows. [demonic ancestry]
 11868 | D:7      | Reached XP level 9. HP: 50/65 MP: 14/20
 12115 | D:7      | Acquired Makhleb's first power
 12144 | D:7      | Reached skill level 6 in Polearms
 12477 | D:7      | Noticed Joseph
 12589 | D:7      | Killed Joseph
 12881 | D:8      | Reached skill level 5 in Spellcasting
 12953 | D:8      | Noticed Duvessa
 12967 | D:8      | Killed Duvessa
 12968 | D:8      | Noticed Dowan
 12985 | D:8      | Killed Dowan
 13341 | D:8      | Learned a level 5 spell: Venom Bolt
 13438 | D:8      | Reached skill level 1 in Conjurations
 13440 | D:8      | Acquired Makhleb's second power
 13571 | D:8      | Found a white marble altar of Elyvilon.
 13876 | D:8      | Reached skill level 5 in Fighting
 14326 | D:8      | Reached XP level 10. HP: 74/74 MP: 17/23
 14391 | D:9      | Got a brightly glowing ring mail
 14445 | D:8      | Identified the +2 ring mail of the Harp {Slay+3} (You found it on level 9 of the Dungeon)
 14580 | D:9      | Found Peicots' Assorted Antiques.
 14583 | D:9      | Noticed Psyche
 14599 | D:8      | Killed Psyche
 14599 | D:8      | Reached skill level 7 in Poison Magic
 15020 | D:9      | Acquired Makhleb's third power
 15160 | D:9      | Learned a level 1 spell: Summon Butterflies
 15181 | D:9      | Bought a potion of curing for 93 gold pieces
 15490 | D:9      | Reached skill level 5 in Conjurations
 15562 | D:10     | Entered Level 10 of the Dungeon
 16156 | D:10     | Acquired Makhleb's fourth power
 16329 | D:11     | Noticed a centaur warrior
 16768 | D:11     | Noticed a cyclops
 16800 | D:11     | Killed a cyclops
 17008 | D:11     | Found a staircase to the Orcish Mines.
 17015 | D:11     | Noticed a manticore
 17119 | D:11     | Gained mutation: You are mostly covered in molten scales (AC +3, EV -1). [demonic ancestry]
 17119 | D:11     | Reached XP level 11. HP: 83/83 MP: 23/25
 17136 | D:11     | Reached skill level 8 in Poison Magic
 17150 | D:11     | Acquired Makhleb's fifth power
 17751 | D:11     | Found a staircase to the Lair.
 17815 | D:11     | Killed a centaur warrior
 18130 | D:11     | Killed a manticore
 18272 | D:11     | Noticed Sonja
 18336 | Lair:1   | Entered Level 1 of the Lair of Beasts
 18344 | Lair:1   | Noticed Nergalle
 18673 | Orc:1    | Entered Level 1 of the Orcish Mines
 19091 | Orc:1    | Noticed Eustachio
 19312 | Orc:1    | Killed Eustachio
 20878 | D:12     | Reached skill level 9 in Conjurations
 21296 | D:12     | Got a slimy hand axe
 21301 | D:12     | Identified the cursed +1 hand axe of Qazlal's Approval {freeze, Int-1} (You found it on level 12 of the Dungeon)
 21628 | D:12     | Gained mutation: You have a pair of small horns on your head. [mutagenic meat]
 21629 | D:12     | Gained mutation: You passively map a small area around you. [mutagenic meat]
 22372 | Lair:1   | Noticed a five-headed hydra
 22973 | Lair:2   | Reached XP level 12. HP: 90/92 MP: 24/28
 22989 | Lair:2   | Found a frozen archway.
 23058 | IceCv    | Entered an ice cave
 23074 | IceCv    | HP: 2/92 [yak (8)]
 23080 | IceCv    | Mangled by a yak

Action                   |  1- 3 |  4- 6 |  7- 9 | 10-12 || total
-------------------------+-------+-------+-------+-------++-------
Melee: Short sword       |    88 |   117 |       |       ||   205
       Unarmed           |     6 |       |       |       ||     6
       War axe           |       |    52 |   365 |       ||   417
       Spear             |       |       |   459 |   862 ||  1321
       Trident           |       |       |       |     7 ||     7
 Cast: Sting             |    53 |   147 |   233 |   252 ||   685
       Cure Poison       |     1 |     3 |     6 |     1 ||    11
       Venom Bolt        |       |       |       |    27 ||    27
Invok: Major Destruction |       |       |       |     1 ||     1
       Lesser Servant of |       |       |       |     2 ||     2
       Greater Servant o |       |       |       |     1 ||     1
 Abil: Evoke Flight      |       |       |     1 |       ||     1
Evoke: Wand              |       |       |     2 |    10 ||    12
  Use: Scroll            |     6 |     9 |     7 |    22 ||    44
       Potion            |       |       |     6 |    10 ||    16
 Stab: Sleeping          |     3 |       |    28 |    15 ||    46
       Invisible         |       |       |     3 |       ||     3
       Distracted        |       |       |     2 |     2 ||     4
  Eat: Chunk             |     6 |    12 |    26 |    41 ||    85
       Beef jerky        |       |       |     1 |     1 ||     2
       Pizza             |       |       |     1 |       ||     1
